 Dungeon Crawl Stone Soup version 0.29-a0-598-gd8304a5bf4 (webtiles) character file.

Game seed: 15181672213771084153

109 happo123 the Ruffian (level 4, -9/41 HPs)
             Began as a Troll Transmuter on June 15, 2022.
             Mangled by an orc
             ... wielding a +1 dagger of electrocution
              (16 damage)
             ... on level 3 of the Dungeon on June 16, 2022.
             The game lasted 00:11:45 (2375 turns).

happo123 the Ruffian (Troll Transmuter)             Turns: 2375, Time: 00:11:46

Health: -9/41      AC:  4    Str: 18    XL:     4   Next: 60%
Magic:  2/5        EV: 10    Int: 11    God:
Gold:   180        SH:  0    Dex: 10    Spells: 3/6 levels left

rFire   . . .      SeeInvis .     - Unarmed
rCold   . . .      Faith    .   (no shield)
rNeg    . . .      Spirit   .   a - +0 robe
rPois   .          Reflect  .   (helmet currently unavailable)
rElec   .          Harm     .   (no cloak)
rCorr   .          Rampage  .   (gloves unavailable)
Will    .....                   (boots unavailable)
Stlth   +.........              (no amulet)
HPRegen 0.93/turn               f - ring of wizardry
MPRegen 0.09/turn               i - ring of flight

@: appendages (expiring), wereblooded, flying
A: horns 2, talons 2, large, unfitting armour, claws 3, regeneration 1, shaggy
fur 1, tough skin 1
a: End Transformation


You were on level 3 of the Dungeon.
You had temporarily grown beastly horns and talons.
You visited 1 branch of the dungeon, and saw 4 of its levels.

You collected 180 gold pieces.

Inventory:

Armour
 a - a +0 robe (worn)
Jewellery
 f - a ring of wizardry (left claw)
 i - a ring of flight (right claw)
Scrolls
 g - 3 scrolls of magic mapping {unknown}
 h - 2 scrolls of identify {unknown}
 l - a scroll of immolation {unknown}
 m - a scroll of amnesia {unknown}
 n - 2 scrolls of fog {unknown}
Potions
 b - 3 potions of lignification
 c - a potion of invisibility {unknown}
 d - a potion of flight {unknown}
 e - 2 potions of magic {unknown}
 j - a potion of heal wounds {unknown}
 k - a potion of curing {unknown}
 o - a potion of might {unknown}


   Skills:
 + Level 1.4 Fighting
 + Level 1.9 Dodging
 * Level 3.7 Unarmed Combat
 + Level 1.5 Spellcasting
 * Level 2.2 Transmutations
 + Level 1.0 Ice Magic


You had 3 spell levels left.
You knew the following spells:

 Your Spells              Type           Power      Damage    Failure   Level
a - Beastly Appendage     Tmut           10%        N/A       4%          1
b - Wereblood             Tmut           5%         N/A       8%          2

Your spell library contained the following spells:

 Spells                   Type           Power      Damage    Failure   Level
 Spider Form              Tmut/Pois      3%         N/A       24%         3
 Ice Form                 Ice/Tmut       4%         N/A       52%         4


Dungeon Overview and Level Annotations

Branches:
Dungeon (4/15)
 Temple: D:4-7

Altars:
Qazlal
Uskayaw


Innate Abilities, Weirdness & Mutations

You have temporarily grown beastly horns and talons.
You are too large for most types of armour.
You have claws for hands.
Your natural rate of healing is unusually fast.
You are covered in fur. (AC +1)
You have tough skin. (AC +1)


Message History

The orc priest is heavily wounded.
Your transformation is almost over.
The jackal bites you but does no damage.
The orc completely misses you.
The orc priest miscasts a cantrip.
A goblin comes into view. It is wielding a +0 club.
The orc priest closely misses you.
The goblin shouts!
You scratch the orc priest.
The orc priest is heavily wounded.
You scratch the orc priest but do no damage.
Your kick misses the orc priest. Your headbutt misses the orc priest.
The orc priest is heavily wounded.
The orc priest hits you with a +2 flail of pain!
You writhe in agony.
The orc priest barely misses you. The orc hits you with a +0 flail.
You scratch the orc priest but do no damage.
Your kick misses the orc priest.
The orc priest is heavily wounded.
The orc barely misses you.
The orc priest hits you with a +2 flail of pain!
* * * LOW HITPOINT WARNING * * *
The orc priest hits you with a +0 club.
* * * LOW HITPOINT WARNING * * *
The orc hits you with a +1 dagger of electrocution.
* * * LOW HITPOINT WARNING * * *
The jackal closely misses you.
The jackal bites you but does no damage.
The orc closely misses you. The orc misses you.
The orc priest looks encouraged for a moment.
The orc priest barely misses you. The jackal bites you.
* * * LOW HITPOINT WARNING * * *
The jackal barely misses you. The jackal bites you.
* * * LOW HITPOINT WARNING * * *
You fly upwards.
There is a stone staircase leading down here.
You barely miss the jackal. The jackal misses you.
The jackal bites you but does no damage. x2
The orc hits you but does no damage.
You are electrocuted!
You die...

#.......##..#
#########....#####.<#
#...........#.# #..#
#.#######....## #..#
#<# #...######..# #.#
#...........# #.#
###..######.## # #.#
#...oo## #.# # #.###
#....o@####.### #
#...# #....hhh......#
# ###.#
#.....o##...#.# # #.#
#.#...###.###.# # #.#
#.##.## #.....# # #.#
#.#### #..#### # #.#
##.## #..# #
#.###.#.## #..# #
#....###.#####..# #


You could see 2 orc priests, 2 orcs and 3 jackals.

Vanquished Creatures
  The ghost of samgaumpmail the Sneak, a weakling SpEn (D:3)
  An adder (D:2)
  2 worms (D:2)
  A dart slug (D:3)
  8 bats
  8 endoplasms
  A giant cockroach (D:1)
  7 goblins
  5 hobgoblins
  2 jackals (D:1)
  4 quokkas
  4 ball pythons
  2 frilled lizards (D:1)
  5 kobolds
  5 rats
56 creatures vanquished.

Notes
Turn   | Place    | Note
-------+----------+-------------------------------------------
     0 | D:1      | happo123 the Troll Transmuter began the quest for the Orb.
     0 | D:1      | Reached XP level 1. HP: 18/18 MP: 1/1
   134 | D:1      | Reached XP level 2. HP: 23/26 MP: 2/2
   296 | D:1      | Reached skill level 1 in Fighting
   689 | D:1      | Found a faded altar of an unknown god.
   992 | D:2      | Reached XP level 3. HP: 33/33 MP: 4/4
   995 | D:2      | Learned a level 2 spell: Wereblood
  1332 | D:2      | Found a stormy altar of Qazlal.
  1851 | D:3      | Reached XP level 4. HP: 30/41 MP: 3/5
  1946 | D:3      | Found a hide-covered altar of Uskayaw.
  2096 | D:3      | Found a runed translucent door.
  2096 | D:3      | Noticed samgaumpmail's ghost (weakling SpEn)
  2107 | D:3      | Killed samgaumpmail's ghost
  2220 | D:3      | Reached skill level 1 in Ice Magic
  2375 | D:3      | Mangled by an orc

Illustrated notes

Levels and vault maps discovered:
D:1:      dpeg_arrival_arbitrary_a, layout_basic,
          shapermc_ecumenical_altar_petra, grunt_decor_resistance,
          roderic_lattice_a, lemuel_another_geyser
D:2:      layout_basic, basic_altar, minmay_misc_feat_pillars, kennysheep_boxes
D:3:      layout_loops_ring, mainiacjoe_overflow_small_starburst,
          gammafunk_ghost_grave
D:4:      layout_cave_pods, nzn_wu_jian_council_hall

Skill      XL: |  1  2  3  4 |
---------------+-------------+-----
Fighting       | 1 |  1.4
Transmutations | 2 |  2.2
Ice Magic      | 1 |  1.0
Dodging        | |  1.9
Unarmed Combat | |  3.7
Spellcasting   | |  1.5

Action                   |  1- 3 |  4- 6 || total
-------------------------+-------+-------++-------
Melee: Unarmed           |   102 |    28 ||   130
       Headbutt          |     4 |     1 ||     5
       Kick              |     2 |     1 ||     3
       Punch             |     1 |       ||     1
 Cast: Beastly Appendage |     8 |     3 ||    11
       Wereblood         |       |     1 ||     1
 Stab: Sleeping          |       |     1 ||     1
Armor: Robe              |    30 |    10 ||    40
Dodge: Dodged            |    44 |    21 ||    65

Table legend: (Time is in decaauts)
 A = Elapsed time spent in this place.
 B = Non-inter-level travel time spent in this place.
 C = Inter-level travel time spent in this place.
 D = Time resting spent in this place.
 E = Time spent auto-exploring this place.
 F = Levels seen in this place.
 G = Mean time per level.
                   A        B        C        D        E       F      G
               +--------+--------+--------+--------+--------+-----+--------+
         Total |   2367 |   2087 |    280 |     16 |   1622 |   4 |  591.8 |
       Dungeon |   2367 |   2087 |    280 |     16 |   1622 |   4 |  591.8 |
               +--------+--------+--------+--------+--------+-----+--------+

Top non-repeatable levels by time:
     D:1: 1068 daAuts
     D:2: 679 daAuts
     D:3: 611 daAuts
     D:4: 7 daAuts
